Match 45201513
Unlisted

Match 45201513
End
Construct Barracks
Selects Airborne Battlegroup
Selects Heavy Machine Gun Paradrop
Heavy Machine Gun Paradrop
Riflemen Squad
Riflemen Squad
Mechanized Support Center
Riflemen Squad
M1918 Browning Automatic Rifles
Selects Paratrooper Squad Paradrop
M1 Mortar Team
Paratrooper Squad Paradrop
Grenade Package
Paratrooper Squad Paradrop
Selects Anti-tank Gun Team Paradrop
Construct Tank Depot
Riflemen Squad
Selects Recon Loiter
Selects Supply Drop
M4A1 Sherman Medium Tank
Engineer Squad
Designate Forward Repair Station
M4A1 Sherman Medium Tank
Selects Carpet Bombing Run
M4A1 76mm Conversion
M4A1(76) Sherman Medium Tank
Engineer Squad
Construct Weapon Support Center
Recon Loiter
Scout Squad
Riflemen Squad
Riflemen Squad
Designate Forward Repair Station
Paratrooper Squad Paradrop
M4A1(76) Sherman Medium Tank
Recon Loiter
Carpet Bombing Run
Paratrooper Squad Paradrop
Improved M9 Bazooka Rockets
Heavy Machine Gun Paradrop
Carpet Bombing Run
Paratrooper Squad Paradrop
Carpet Bombing Run
Paratrooper Squad Paradrop
Sophronius
aaronwhitebananas
mitchellvarian12
Liberator4515
0
0

Comments sign in to comment!

No comments posted yet!